 Dungeon Crawl Stone Soup version 0.28-a0-620-g539b0f7ac7 (webtiles) character file.

Game seed: 6599908352761089066

193 sleeves the Covert (level 5, 0/38 HPs)
             Began as a Demonspawn Brigand on Oct 6, 2021.
             Succumbed to an adder's poison
             ... on level 3 of the Dungeon.
             The game lasted 00:05:20 (2415 turns).

sleeves the Covert (Demonspawn Brigand)             Turns: 2415, Time: 00:05:21

Health: 0/38       AC:  3    Str: 11    XL:     5   Next: 44%
Magic:  5/5        EV: 11    Int: 13    God:
Gold:   44         SH:  0    Dex: 15    Spells: 4/4 levels left

rFire   . . .      SeeInvis .   a - +2 dagger
rCold   . . .      Faith    .   (no shield)
rNeg    . . .      Spirit   .   b - +0 robe
rPois   .          Reflect  .   (no helmet)
rElec   .          Harm     .   c - +0 cloak
rCorr   .          Rampage  .   (no gloves)
Will    .....                   (no boots)
Stlth   ++++......              (no amulet)
HPRegen 0.12/turn               (no ring)
MPRegen 0.09/turn               (no ring)

@: brilliant, lethally poisoned (0 -> -2)
A: spiny 2, sturdy frame 1, demonic touch 1
a: no special abilities


You were on level 3 of the Dungeon.
You visited 1 branch of the dungeon, and saw 3 of its levels.

You collected 44 gold pieces.

Inventory:

Hand Weapons
 a - a +2 dagger (weapon)
Missiles
 d - 8 poisoned darts (quivered)
 e - 2 curare-tipped darts
Armour
 b - a +0 robe (worn)
 c - a +0 cloak (worn)
 q - a +0 helmet
   (You took it off Robin on level 2 of the Dungeon)
Jewellery
 g - an amulet of regeneration
   (You found it on level 1 of the Dungeon)
Wands
 r - a wand of flame (20)
   (You took it off Robin on level 2 of the Dungeon)
Scrolls
 h - a scroll of noise {unknown}
 j - a scroll of immolation {unknown}
 k - 2 scrolls of identify {unknown}
 l - a scroll of enchant armour {unknown}
 p - a scroll of amnesia {unknown}
Potions
 m - a potion of flight {unknown}
 n - a potion of heal wounds {unknown}


   Skills:
 - Level 2.0 Fighting
 + Level 7.9 Short Blades
 - Level 1.7 Throwing
 - Level 0.8 Dodging
 + Level 9.5 Stealth


You had 4 spell levels left.
You didn't know any spells.
Your spell library was empty.

Dungeon Overview and Level Annotations

Branches:
Dungeon (3/15)

Altars:


Innate Abilities, Weirdness & Mutations

You are mostly covered in sharp spines.
Your movements are slightly less encumbered by armour. (ER -2)
Your touch may inflict minor irresistible damage on your foes.


Message History

Welcome, sleeves the Demonspawn Brigand.
Will you prevail where others failed? Will you find the Orb of Zot?
Press ? for a list of commands and other information.
Found a staircase leading out of the dungeon.
You open the gate.
There is an open gate here.
Found 10 arrows.
You fall into a shaft and drop 1 floor!
The shaft crumbles and collapses.
Found an orange potion.
f - an orange potion A kobold comes into view.
It is wielding a +0 short sword.
A kobold is nearby!
A kobold is nearby!
The helpless kobold fails to defend itself.
You puncture the kobold!
You kill the kobold!
Things that are here:
a +0 short sword; a kobold corpse
g - a +0 short sword
Okay, then.
You drop a +0 short sword.
A rat comes into view.
The helpless rat fails to defend itself.
You puncture the rat!
You kill the rat!
A bat comes into view.
A bat is nearby!
A hobgoblin comes into view.
You hit the bat.
You kill the bat!
Found 3 gold pieces. 2 goblins come into view.
The goblin shouts!
You hear a shout! x5
You hear a shout! x3
The hobgoblin hits you but does no damage.
Things that are here:
a +0 short sword; a kobold corpse You closely miss the hobgoblin.
You hit the hobgoblin.
The hobgoblin is heavily wounded.
The hobgoblin hits you.
You closely miss the hobgoblin.
The hobgoblin is heavily wounded.
The hobgoblin closely misses you.
You closely miss the hobgoblin.
The hobgoblin is heavily wounded.
The hobgoblin hits you but does no damage.
You hit the hobgoblin.
You kill the hobgoblin!
You hit the goblin.
The goblin is severely wounded.
The goblin barely misses you.
You hit the goblin.
You kill the goblin!
Your Stealth skill increases to level 4!
You hit the goblin.
The goblin is heavily wounded.
The goblin barely misses you.
You hit the goblin.
You kill the goblin!
No target in view!
No target in view!
No target in view!
No target in view!
No target in view!
No target in view!
No target in view!
No target in view!
No target in view!
No target in view!
No target in view!
No target in view!
No target in view!
No target in view!
No target in view!
No target in view!
No target in view!
No target in view!
HP restored.
Things that are here:
a +0 club; a +0 dagger
Things that are here:
a +0 short sword; a kobold corpse A goblin comes into view.
It is wielding a +0 dagger.
A goblin is nearby!
A goblin is nearby!
A goblin is nearby! 2 goblins and a hobgoblin come into view.
The goblin moves out of view.
The hobgoblin hits you.
You barely miss the hobgoblin. The hobgoblin hits you.
You closely miss the hobgoblin. The hobgoblin barely misses you.
You completely miss the hobgoblin. The hobgoblin hits you.
* * * LOW HITPOINT WARNING * * *
You closely miss the hobgoblin. You hit the hobgoblin.
The hobgoblin is moderately wounded.
The hobgoblin hits you.
* * * LOW HITPOINT WARNING * * *
You hit the hobgoblin.
You kill the hobgoblin!
You have reached level 2!
Your demonic ancestry asserts itself...
You feel less encumbered by your armour.
You start resting.
HP restored.
Unknown command.
You see here a hobgoblin skeleton.
A kobold comes into view. It is wielding a +0 short sword.
A kobold is nearby!
A kobold is nearby!
Search for what [? for help]? armor A bat comes into view.
You see here 3 gold pieces.
The bat misses you. The bat hits you but does no damage.
The bat hits you but does no damage.
You hit the bat.
You kill the bat!
You hit the kobold.
You kill the kobold!
No target in view!
Things that are here:
a +0 short sword; a kobold corpse You now have 3 gold pieces.
A giant cockroach comes into view.
A giant cockroach is nearby!
A giant cockroach is nearby!
A giant cockroach is nearby!
A giant cockroach is nearby!
There is an open door here.
No target in view!
No target in view!
The giant cockroach misses you.
You hit the giant cockroach but do no damage.
The giant cockroach closely misses you.
You hit the giant cockroach but do no damage.
The giant cockroach bites you.
You hit the giant cockroach.
The giant cockroach is moderately wounded.
The giant cockroach completely misses you.
You hit the giant cockroach but do no damage.
The giant cockroach is moderately wounded.
The giant cockroach misses you.
You hit the giant cockroach but do no damage.
The giant cockroach is moderately wounded.
The giant cockroach barely misses you.
You closely miss the giant cockroach.
The giant cockroach is moderately wounded.
The giant cockroach barely misses you.
You completely miss the giant cockroach.
The giant cockroach is moderately wounded.
The giant cockroach bites you.
You hit the giant cockroach but do no damage.
The giant cockroach is moderately wounded.
The giant cockroach completely misses you.
You closely miss the giant cockroach.
The giant cockroach is moderately wounded.
The giant cockroach misses you.
You hit the giant cockroach.
The giant cockroach is severely wounded.
The giant cockroach barely misses you.
The giant cockroach bites you but does no damage.
You closely miss the giant cockroach.
The giant cockroach is severely wounded.
The giant cockroach closely misses you.
You hit the giant cockroach.
You kill the giant cockroach!
No target in view!
No target in view!
A giant cockroach comes into view.
Found an escape hatch in the ceiling.
A giant cockroach is nearby!
A giant cockroach is nearby!
A goblin comes into view. It is wielding a +0 club.
You hit the giant cockroach.
The giant cockroach is heavily wounded.
The giant cockroach barely misses you.
You barely miss the giant cockroach.
The giant cockroach is heavily wounded.
The giant cockroach bites you but does no damage.
You hit the giant cockroach.
The giant cockroach is severely wounded.
The giant cockroach misses you.
You hit the giant cockroach but do no damage.
The giant cockroach is severely wounded.
The goblin shouts!
The giant cockroach bites you but does no damage.
You hit the giant cockroach.
You kill the giant cockroach!
A kobold comes into view. It is wielding a +0 dagger.
You barely miss the goblin. The goblin hits you with a +0 club.
You closely miss the goblin. The goblin hits you with a +0 club.
You hit the goblin.
You kill the goblin!
There is an escape hatch in the ceiling here.
You see here a +0 club.
The kobold barely misses you.
You hit the kobold.
The kobold is severely wounded.
The kobold hits you with a +0 dagger.
You barely miss the kobold.
The kobold is severely wounded.
The kobold hits you but does no damage.
You hit the kobold.
You kill the kobold!
No target in view!
No target in view!
Things that are here:
a +0 dagger; 5 stones; a kobold corpse
There is an open door here.
Found a stone staircase leading up.
A ball python comes into view.
The ball python hisses angrily.
A ball python is nearby!
The ball python bites you. The ball python barely misses you.
You barely miss the ball python. The ball python bites you.
The ball python grabs you. The ball python constricts you.
You hit the ball python.
You kill the ball python!
No target in view!
No target in view!
You see here a ball python corpse.
There is an open door here.
There is a stone staircase leading up here.
You start resting.
HP restored.
You climb upwards.
Found 22 stones.
There is a stone staircase leading down here.
There is a stone staircase leading down here.
You see here 22 stones.
g - an amulet of regeneration You open the door.
Found a hunting sling.
There is an open door here.
You see here a +0 hunting sling.
There is a stone staircase leading down here.
You see here 22 stones.
A quokka comes into view.
A quokka is nearby!
A quokka is nearby!
A rat comes into view.
Found 6 gold pieces.
A bat comes into view.
Found 13 gold pieces.
The quokka barely misses you.
You hit the quokka.
The quokka is heavily wounded.
The rat bites you but does no damage. The quokka barely misses you.
You hit the quokka.
You kill the quokka!
The bat hits you but does no damage. The rat bites you.
You miss the bat. The bat hits you but does no damage. The rat bites you.
You hit the rat.
You kill the rat!
The bat barely misses you.
You barely miss the bat. The bat hits you. The bat closely misses you.
The bat misses you.
You barely miss the bat. The bat closely misses you. The bat barely misses you.
The bat completely misses you. The bat barely misses you.
You barely miss the bat. The bat hits you but does no damage. The bat hits you.
You hit the bat.
You kill the bat!
No target in view!
No target in view!
No target in view!
HP restored.
You now have 9 gold pieces (gained 6).
You now have 22 gold pieces (gained 13).
You now have 28 gold pieces (gained 6).
A frilled lizard comes into view.
Found an escape hatch in the floor.
The frilled lizard hisses angrily.
A frilled lizard is nearby!
A frilled lizard is nearby!
You hit the frilled lizard.
You kill the frilled lizard!
No target in view!
No target in view!
There is an escape hatch in the floor here.
You see here a frilled lizard corpse.
A ball python comes into view.
The ball python hisses angrily.
The ball python moves out of view.
A ball python is nearby!
A ball python is nearby!
A ball python is nearby!
You hit the ball python.
You kill the ball python!
Your Short Blades skill increases to level 2!
No target in view!
No target in view!
You see here a ball python corpse.
Found a stone staircase leading down. 2 jackals come into view.
There are monsters nearby!
There are monsters nearby!
The jackal barks!
A jackal comes into view.
The jackal closely misses you. The jackal closely misses you.
The jackal bites you but does no damage.
The jackal bites you.
The jackal bites you but does no damage.
The jackal barks!
You hit the jackal but do no damage. The jackal barely misses you.
You completely miss the jackal. The jackal barely misses you.
You hit the jackal.
The jackal is lightly wounded.
The jackal closely misses you.
You closely miss the jackal.
The jackal is lightly wounded.
The jackal misses you. The jackal barely misses you.
You hit the jackal.
The jackal is severely wounded.
The jackal bites you.
You hit the jackal.
You kill the jackal!
The jackal barely misses you.
You hit the jackal.
The jackal is severely wounded.
The jackal closely misses you.
You hit the jackal.
You kill the jackal!
You hit the jackal.
The jackal is lightly wounded.
The jackal misses you. The jackal bites you.
You closely miss the jackal.
The jackal is lightly wounded.
The jackal closely misses you.
You closely miss the jackal.
The jackal is lightly wounded.
The jackal bites you but does no damage.
You miss the jackal.
The jackal is lightly wounded.
The jackal closely misses you.
You hit the jackal.
The jackal is moderately wounded.
The jackal bites you but does no damage. x2
You hit the jackal but do no damage.
The jackal is moderately wounded.
The jackal bites you but does no damage.
You hit the jackal but do no damage.
The jackal is moderately wounded.
The jackal barely misses you.
You hit the jackal.
The jackal is almost dead.
The jackal barely misses you. The jackal misses you.
You hit the jackal.
You kill the jackal!
No target in view!
No target in view!
No target in view!
No target in view!
No target in view!
No target in view!
No target in view!
No target in view!
No target in view!
No target in view!
No target in view!
No target in view!
No target in view!
No target in view!
You see here a jackal corpse.
h - a scroll labelled WUFYEXU VIFRO
There is an escape hatch in the floor here.
You see here a frilled lizard corpse.
A rat comes into view.
A rat is nearby!
A rat is nearby!
A rat is nearby!
Found an amulet of regeneration.
You barely miss the rat. The rat bites you.
You hit the rat.
You kill the rat!
No target in view!
No target in view!
No target in view!
No target in view!
No target in view!
No target in view!
No target in view!
No target in view!
No target in view!
No target in view!
No target in view!
No target in view!
No target in view!
No target in view!
No target in view!
No target in view!
No target in view!
No target in view!
No target in view!
No target in view!
You see here a rat corpse.
Found a stone staircase leading down.
A dart slug comes into view.
A dart slug is nearby!
A dart slug is nearby!
A dart slug is nearby!
Found a dagger.
You hit the dart slug.
The dart slug is lightly wounded.
The dart slug bites you but does no damage.
You hit the dart slug.
The dart slug is heavily wounded.
The dart slug closely misses you.
You hit the dart slug.
The dart slug is heavily wounded.
You hit the dart slug.
The dart slug is almost dead.
The dart slug closely misses you.
You hit the dart slug.
You kill the dart slug!
You have reached level 3!
Your experience leads to an increase in your attributes!
Increase (S)trength, (I)ntelligence, or (D)exterity?
You feel clever.
Your demonic ancestry asserts itself...
Sharp spines emerge from parts of your body.
There is a stone staircase leading down here.
An endoplasm comes into view.
An endoplasm is nearby!
An endoplasm is nearby!
An endoplasm is nearby!
The endoplasm quivers.
You hit the endoplasm.
The endoplasm is heavily wounded.
The endoplasm freezes you.
You are frozen.
You hit the endoplasm.
You kill the endoplasm!
No target in view!
No target in view!
No target in view!
No target in view!
No target in view!
No target in view!
No target in view!
No target in view!
No target in view!
No target in view!
No target in view!
No target in view!
No target in view!
No target in view!
No target in view!
No target in view!
A kobold comes into view. It is wielding a +0 dagger.
A kobold is nearby!
A kobold is nearby!
The kobold throws a stone.
The stone hits you but does no damage.
The kobold throws a stone.
The stone closely misses you. The kobold barely misses you.
You hit the kobold.
The kobold is severely wounded.
You hit the kobold.
You kill the kobold!
No target in view!
No target in view!
No target in view!
No target in view!
No target in view!
No target in view!
No target in view!
No target in view!
No target in view!
No target in view!
No target in view!
No target in view!
No target in view!
No target in view!
No target in view!
No target in view!
No target in view!
No target in view!
Things that are here:
a +0 dagger; 3 stones
i - a black potion
Found a hand axe.
Key pressed, stopping explore.
No target in view!
No target in view!
No target in view!
A goblin comes into view. It is wielding a +0 club.
A goblin is nearby!
A hobgoblin comes into view.
A jackal comes into view.
The goblin shouts!
The hobgoblin shouts!
A jackal comes into view.
The jackal barks!
You hit the goblin.
The goblin is severely wounded.
A jackal comes into view.
A bat comes into view.
The goblin is struck by your spines. The goblin completely misses you.
A jackal comes into view.
You hit the goblin.
You kill the goblin!
The hobgoblin is struck by your spines.
The hobgoblin hits you but does no damage.
You hit the hobgoblin.
The hobgoblin is severely wounded.
The bat is struck by your spines. The bat hits you but does no damage.
The bat is struck by your spines.
You kill the bat!
The hobgoblin hits you.
You hit the hobgoblin but do no damage.
The hobgoblin is severely wounded.
The hobgoblin is struck by your spines.
You kill the hobgoblin!
You hit the jackal.
The jackal is heavily wounded.
The jackal closely misses you. The jackal barely misses you.
The jackal closely misses you.
You hit the jackal but do no damage.
The jackal is heavily wounded.
The jackal closely misses you. The jackal is struck by your spines.
The jackal bites you but does no damage.
You miss the jackal.
The jackal is heavily wounded.
The jackal bites you.
The jackal bites you but does no damage. x2
The jackal is struck by your spines. The jackal barely misses you.
The jackal closely misses you.
You barely miss the jackal.
The jackal is heavily wounded.
The jackal barely misses you. The jackal is struck by your spines.
You kill the jackal!
The jackal is struck by your spines. The jackal closely misses you.
The jackal bites you.
The jackal bites you but does no damage.
You hit the jackal.
You kill the jackal!
The jackal misses you.
The jackal bites you but does no damage.
The jackal is struck by your spines.
The jackal bites you but does no damage.
You hit the jackal but do no damage.
The jackal is heavily wounded.
The jackal bites you. The jackal is struck by your spines.
The jackal barely misses you.
You hit the jackal.
You kill the jackal!
The jackal is struck by your spines. The jackal bites you.
The jackal barely misses you.
You hit the jackal.
You kill the jackal!
No target in view!
No target in view!
No target in view!
Found a scroll labelled LOUSTR QOGIPE.
Things that are here:
a +0 club; a jackal corpse
j - a scroll labelled LOUSTR QOGIPE
k - a scroll labelled KAUREWNYROE You open the door.
Found a gnoll skeleton.
Found a gnoll skeleton.
There is an open door here.
No target in view!
No target in view!
No target in view!
There is an open door here.
You open the door.
Found a faded altar of an unknown god.
There is an open door here.
l - a scroll labelled XUAL OFFITAE You open the door.
There is an open door here.
A giant cockroach comes into view.
A giant cockroach is nearby!
A giant cockroach is nearby!
A giant cockroach is nearby!
Found a dark potion.
The helpless giant cockroach fails to defend itself.
You impale the giant cockroach!!
You kill the giant cockroach!
No target in view!
m - a dark potion No target in view!
Found a club.
No target in view!
You see here a +0 club.
You see here a +0 club.
There is an open door here.
There is an open door here.
Key pressed, stopping explore.
Done exploring.
Done exploring.
Done exploring.
No target in view!
No target in view!
No target in view!
Done exploring.
Done exploring.
Done exploring.
Done exploring.
Done exploring.
(D) Dungeon
Where to? (? - help)
There is an open door here.
There is an open door here.
There is a stone staircase leading down here.
You climb downwards.
Level annotation: Robin
Found a stone staircase leading down.
There is a stone staircase leading up here.
A goblin is nearby!
A goblin is nearby!
Found an amethyst potion.
An endoplasm comes into view.
The endoplasm quivers.
The goblin shouts!
You hear a shout!
The endoplasm freezes you.
You are frozen.
You hit the endoplasm.
The endoplasm is severely wounded.
The goblin is struck by your spines.
You kill the goblin!
The endoplasm barely misses you.
You hit the endoplasm but do no damage.
The endoplasm is severely wounded.
The endoplasm is struck by your spines. The endoplasm barely misses you.
You hit the endoplasm.
You kill the endoplasm!
No target in view!
HP restored.
Things that are here:
a +0 dagger; 30 stones A ball python comes into view.
A ball python is nearby!
You see here an amethyst potion.
The helpless ball python fails to defend itself.
You impale the ball python!!
You kill the ball python!
n - an amethyst potion You open the door.
There is an open door here.
A goblin comes into view. It is wielding a +0 club.
A bat comes into view.
Found an escape hatch in the floor.
There are monsters nearby!
There are monsters nearby!
There are monsters nearby!
Found a silvery potion and 14 stones.
The goblin shouts!
The goblin unwields a +0 club.
The goblin wields a +0 hunting sling.
The goblin shoots a stone.
The stone closely misses you.
A rat comes into view.
The goblin shoots a stone.
The stone hits you.
The goblin unwields a +0 hunting sling.
The goblin wields a +0 club.
The goblin hits you with a +0 club.
You hit the goblin.
You kill the goblin!
Found a ring mail.
The rat is struck by your spines.
You kill the rat!
Items here: ( )) †.
You hit the bat.
You kill the bat!
No target in view!
No target in view!
No target in view!
o - a silvery potion You see here 14 stones.
You see here a +0 ring mail.
A frilled lizard comes into view.
A frilled lizard is nearby!
The helpless frilled lizard fails to defend itself.
You impale the frilled lizard!!
You kill the frilled lizard!
No target in view!
No target in view!
You see here a frilled lizard corpse.
You see here a frilled lizard corpse.
You open the door.
There is an open door here.
A hobgoblin comes into view.
A hobgoblin is nearby!
A hobgoblin is nearby!
The hobgoblin shouts!
A hobgoblin is nearby!
A hobgoblin is nearby!
You hit the hobgoblin.
You kill the hobgoblin!
No target in view!
No target in view!
No target in view!
You see here a hobgoblin corpse.
You see here a hobgoblin corpse.
There is an open door here.
Robin shouts!
You hear a shout!
A goblin comes into view. It is wielding a +0 club.
There are monsters nearby!
Found a stone staircase leading down.
The goblin shouts!
You hear a shout!
There are monsters nearby!
You hit Robin.
Robin is moderately wounded.
Robin closely misses you.
There are monsters nearby!
You completely miss Robin.
Robin is moderately wounded.
You closely miss Robin.
Robin is moderately wounded.
Robin zaps a wand.
The puff of flame hits you.
You barely miss Robin.
Robin is moderately wounded.
Robin hits you with a +0 club.
You hit Robin.
Robin is moderately wounded.
You hit Robin but do no damage.
Robin is moderately wounded.
The goblin throws a stone.
The stone barely misses you.
The goblin throws a stone.
The stone barely misses you.
Robin roars a battlecry!
The goblins go into a battle-frenzy!
You hit Robin.
Robin is heavily wounded.
Robin roars a battlecry!
You hit Robin.
Robin is severely wounded.
Throw: 8 darts (poison)
Press: ? - help, Q - select action, (/) - cycle Shift-Dir - straight line, f - Robin
Aim: Robin, wielding a +0 club, wearing a +0 robe, wearing a +0 helmet and carrying a wand of flame (20) (severely wounded, 67% to hit)
You throw a poisoned dart. The poisoned dart hits Robin.
Robin is poisoned.
Robin is severely wounded.
Robin says, "A pitiful Demonspawn like you will never find the ORB!"
Robin throws the goblin at you! The goblin hits you with a +0 club.
Robin throws the goblin at you! The goblin misses you.
The goblin completely misses you. Robin throws the goblin at you!
The goblin barely misses you.
The goblin throws a stone.
The stone hits you but does no damage. The goblin is struck by your spines.
The goblin hits you with a +0 dagger.
* * * LOW HITPOINT WARNING * * *
You kill Robin!
The goblin throws a stone.
The stone hits you but does no damage.
There is a stone staircase leading up here.
You climb upwards.
There is a stone staircase leading down here.
You start resting.
HP restored.
Unknown command.
You climb downwards.
There is a stone staircase leading up here.
You hit the goblin.
The goblin is moderately wounded.
The goblin hits you with a +0 dagger.
You hit the goblin.
You kill the goblin!
You miss the goblin. The goblin is struck by your spines.
The goblin hits you but does no damage.
You hit the goblin.
You kill the goblin!
The goblin hits you but does no damage.
You closely miss the goblin. The goblin closely misses you.
You barely miss the goblin. The goblin is struck by your spines.
You kill the goblin!
You hit the goblin.
The goblin is moderately wounded.
You hit the goblin.
You kill the goblin!
No target in view!
No target in view!
HP restored.
p - a scroll labelled LOUC QYAFIHORPH
Items here: ( ))) [ ††.
Things that are here:
a +0 club; 20 stones; a +0 animal skin You now have 41 gold pieces (gained 13).
q - a +0 helmet;
r - a wand of flame (20)
Things that are here:
a +0 robe; a +0 club; the hobgoblin corpse of Robin
d - 8 poisoned darts (gained 1)
A bat comes into view.
The bat moves out of view.
A bat is nearby!
A bat is nearby!
A bat is nearby!
The bat is struck by your spines.
You kill the bat!
No target in view!
No target in view!
Found a stone staircase leading down.
A frilled lizard comes into view.
A frilled lizard is nearby!
A frilled lizard is nearby!
The helpless frilled lizard fails to defend itself.
You impale the frilled lizard!!
You kill the frilled lizard!
No target in view!
A quokka comes into view.
A quokka is nearby!
A quokka is nearby!
You hit the quokka.
The quokka is moderately wounded.
The quokka bites you but does no damage.
You hit the quokka.
The quokka is severely wounded.
The quokka closely misses you.
You hit the quokka.
The quokka is almost dead.
The quokka is struck by your spines.
You kill the quokka!
You have reached level 4!
You feel agile.
Your demonic ancestry asserts itself...
Your hands begin to faintly glow with unholy energy.
Sorry, you're not good enough to have a special ability.
Sorry, you're not good enough to have a special ability.
Sorry, you're not good enough to have a special ability.
Unknown command.
Sorry, you're not good enough to have a special ability.
Sorry, you're not good enough to have a special ability.
Found 18 stones.
You see here a quokka corpse.
You see here 18 stones.
An adder comes into view.
An adder is nearby!
An adder is nearby!
An adder is nearby!
The adder hisses angrily.
The adder is struck by your spines. The adder completely misses you.
You hit the adder.
You touch the adder.
You kill the adder!
No target in view!
No target in view!
An adder comes into view.
An adder is nearby!
You closely miss the adder. The adder closely misses you.
You hit the adder. Your touch misses the adder.
The adder is severely wounded.
The adder is struck by your spines.
You kill the adder!
No target in view!
No target in view!
You open the door.
You now have 44 gold pieces (gained 3).
A rat comes into view.
A rat is nearby!
A rat is nearby!
The helpless rat fails to defend itself.
You impale the rat!!
You kill the rat!
Your Stealth skill increases to level 5!
No target in view!
You see here a rat corpse.
There is an open door here.
Things that are here:
a +0 club; 20 stones; a +0 animal skin
There is an open door here.
There is an open door here.
Things that are here:
a +0 club; 20 stones; a +0 animal skin
Things that are here:
a +0 robe; a +0 club
There is an open door here.
Found a stone staircase leading up.
k - 2 scrolls labelled KAUREWNYROE (gained 1)
There is a stone staircase leading up here.
There is a stone staircase leading up here.
Key pressed, stopping explore.
No target in view!
No target in view!
No target in view!
There is an open door here.
There is an open door here.
Things that are here:
5 stones; a +0 dagger
There is an open door here.
Done exploring.
Done exploring.
Done exploring.
(D) Dungeon
Where to? (Enter - D:2, ? - help)
You see here a +0 short sword.
There is an open door here.
Things that are here:
a +0 club; 20 stones; a +0 animal skin
Things that are here:
a +0 robe; a +0 club
There is a stone staircase leading down here.
You climb downwards.
Found 24 stones.
There is a stone staircase leading up here.
A ball python comes into view.
A ball python is nearby!
A ball python is nearby!
A ball python is nearby!
The ball python hisses angrily.
The ball python is struck by your spines.
The ball python bites you.
You barely miss the ball python.
You touch the ball python.
You kill the ball python!
No target in view!
No target in view!
HP restored.
A goblin comes into view. It is wielding a +0 club.
Found a scroll labelled KAUREWNYROE.
A goblin is nearby!
A goblin is nearby!
The goblin shouts!
You hit the goblin.
You touch the goblin.
You kill the goblin!
No target in view!
No target in view!
No target in view!
No target in view!
No target in view!
No target in view!
No target in view!
No target in view!
No target in view!
No target in view!
No target in view!
No target in view!
Things that are here:
a +0 club; a goblin corpse An orc comes into view.
It is wielding a +0 dagger.
An orc is nearby!
An orc is nearby! 2 orcs come into view.
The orc shouts! x2
An orc comes into view. It is wielding a +0 trident.
You hear an angry hiss.
An adder comes into view.
The orc shouts! x2
You hit the orc but do no damage. The orc hits you with a +0 trident!
You hit the orc.
The orc is lightly wounded.
The orc is struck by your spines. The orc barely misses you.
You closely miss the orc. Your touch misses the orc.
The orc is severely wounded.
The orc barely misses you.
You closely miss the orc.
The orc is severely wounded.
The orc hits you with a +0 trident.
You hit the orc but do no damage.
You touch the orc.
You kill the orc!
You barely miss the orc. The orc hits you but does no damage.
You hit the orc.
The orc is heavily wounded.
The orc hits you but does no damage.
You hit the orc.
The orc is severely wounded.
The orc is struck by your spines.
You kill the orc!
Found 18 gold pieces.
The adder bites you but does no damage. The orc hits you with a +0 mace.
The orc barely misses you.
Items here: )) [ †.
You closely miss the orc. The adder is struck by your spines.
The adder barely misses you. The orc barely misses you.
The orc hits you with a +0 hand axe. The adder barely misses you.
You hit the adder but do no damage. Your touch misses the adder.
The adder is moderately wounded.
The adder bites you.
You are poisoned.
The adder poisons you! The orc hits you with a +0 mace.
The orc is struck by your spines. The orc hits you with a +0 hand axe.
* * * LOW HITPOINT WARNING * * *
You feel sick.
You miss the adder.
The adder is moderately wounded.
You feel sick. The adder bites you but does no damage.
You closely miss the adder.
The adder is moderately wounded.
You feel sick. The adder is struck by your spines. The adder barely misses you.
You miss the adder. Your touch misses the adder.
The adder is almost dead.
You feel sick.
You are no longer poisoned.
The adder bites you.
* * * LOW HITPOINT WARNING * * *
You are poisoned.
The adder poisons you!
* * * LOW HITPOINT WARNING * * *
You feel sick. The adder barely misses you.
It was a potion of experience.
You feel more experienced!
Your Short Blades skill gained 5 levels and is now at level 7!
Your Stealth skill gained 4 levels and is now at level 9!
You have reached level 5!
Your demonic ancestry asserts itself...
Sharp spines emerge from more of your body.
You feel sick. The adder bites you.
* * * LOW HITPOINT WARNING * * *
It was a potion of brilliance.
You feel clever all of a sudden.
* * * LOW HITPOINT WARNING * * *
You feel sick. The adder is struck by your spines.
You kill the adder!
It was a potion of magic.
Magic courses through your body.
You die...

#..# #. #..# .. #..# #.
#..###### .. #)....... #$
#.#########. .#####.
#.#.<.......
.......########.#.########
#...oo@.....(..†#
.......##?........##
###.### #.#####.#.# # #.#
#.#.# #.# #.#.# #.# #....
#.# ..... #.# .....#


You could see 2 orcs.

Vanquished Creatures
  Robin (D:2)
  3 adders
  A dart slug (D:1)
  2 orcs (D:3)
  6 bats
  2 endoplasms
  3 giant cockroaches
  11 goblins
  4 hobgoblins
  7 jackals (D:1)
  4 kobolds
  2 quokkas
  4 ball pythons
  3 frilled lizards
  5 rats
58 creatures vanquished.

Notes
Turn   | Place    | Note
-------+----------+-------------------------------------------
     0 | D:1      | sleeves the Demonspawn Brigand began the quest for the Orb.
     0 | D:1      | Reached XP level 1. HP: 16/16 MP: 1/1
     8 | D:1      | You fall into a shaft and drop 1 floor!
   152 | D:2      | Reached skill level 4 in Stealth
   191 | D:2      | HP: 7/16 [hobgoblin[Robin] (4)]
   195 | D:2      | Gained mutation: Your movements are slightly less
                  | encumbered by armour. (ER -2) [demonic ancestry]
   195 | D:2      | Reached XP level 2. HP: 7/22 MP: 2/2
   674 | D:2      | Noticed Robin
   844 | D:1      | Reached skill level 2 in Short Blades
  1047 | D:1      | Gained mutation: You are partially covered in sharp spines.
                  | [demonic ancestry]
  1047 | D:1      | Reached XP level 3. HP: 27/27 MP: 3/3
  1302 | D:1      | Found a faded altar of an unknown god.
  1703 | D:2      | HP: 13/27 [goblin[Robin] (2)]
  1704 | D:2      | Killed Robin
  1925 | D:2      | Gained mutation: Your touch may inflict minor irresistible
                  | damage on your foes. [demonic ancestry]
  1925 | D:2      | Reached XP level 4. HP: 33/33 MP: 4/4
  2114 | D:2      | Reached skill level 5 in Stealth
  2407 | D:3      | HP: 13/33 [orc (5)]
  2412 | D:3      | HP: 5/33 [poisoned by an adder]
  2413 | D:3      | Reached skill level 7 in Short Blades
  2413 | D:3      | Reached skill level 9 in Stealth
  2413 | D:3      | Gained mutation: You are mostly covered in sharp spines.
                  | [demonic ancestry]
  2413 | D:3      | Reached XP level 5. HP: 6/38 MP: 5/5
  2413 | D:3      | HP: 2/38 [adder (3)]
  2415 | D:3      | Succumbed to an adder's poison

Illustrated notes

Levels and vault maps discovered:
D:1:      dpeg_arrival_windows_large_door, layout_basic,
          dilly_ecumenical_altar_fadedgnrine, minmay_misc_feat_chi
D:2:      layout_basic, uniq_robin
D:3:      layout_loops_ring, pdpol_wu_jian_five_deadly_venoms,
          general_overflow_altar, grunt_ministairs_10

Skill      XL: |  1  2  3  4 |
---------------+-------------+-----
Stealth        | 4 9 |  9.5
Short Blades   | 2 7 |  7.9
Fighting       | |  2.0
Throwing       | |  1.7
Dodging        | |  0.8

Action                   |  1- 3 |  4- 6 || total
-------------------------+-------+-------++-------
Melee: Dagger            |   124 |    19 ||   143
       Punch             |       |     4 ||     4
Throw: Dart              |     1 |       ||     1
  Use: Potion            |       |     3 ||     3
 Stab: Sleeping          |     6 |     1 ||     7
Armor: Robe              |    33 |     4 ||    37
Dodge: Dodged            |    70 |    10 ||    80

Table legend: (Time is in decaauts)
 A = Elapsed time spent in this place.
 B = Non-inter-level travel time spent in this place.
 C = Inter-level travel time spent in this place.
 D = Time resting spent in this place.
 E = Time spent auto-exploring this place.
 F = Levels seen in this place.
 G = Mean time per level.
                   A        B        C        D        E       F      G
               +--------+--------+--------+--------+--------+-----+--------+
         Total |   2400 |   2331 |     69 |    384 |   1513 |   3 |  800.0 |
       Dungeon |   2400 |   2331 |     69 |    384 |   1513 |   3 |  800.0 |
               +--------+--------+--------+--------+--------+-----+--------+

Top non-repeatable levels by time:
     D:2: 1419 daAuts
     D:1: 940 daAuts
     D:3: 40 daAuts
